cohdb
Replays
Latest Replays
All Replays
Popular Replays
Top Player Replays
Match Explorer
How It Works
Community
CoH3 Stats
Reddit
Sign in to upload your games and track your stats! →
Sign in with Steam
Match 38766837
Unlisted
Match 38766837
Overview
Messages
Build Orders
End
Royal Engineer Section
Selects Australian Defense Battlegroup
Selects Australian Light Infantry Section
Australian Light Infantry Section
Australian Light Infantry Section
Construct Section Command Post
Construct Platoon Command Post
Humber Armored Car
Construct Field Infirmary
Humber Armored Car
Selects CMP 15cwt Supply Run
Selects 2-pounder Anti-tank Gun Team
Infantry Section
Infantry Section
Vickers Machine Gun Team
Construct Company Command Post
Foot Guards Section
Unlock M3 Grant Medium Tanks
Selects Reinforced Resource Caches
Infantry Training
M3 Grant Medium Tank
BIOHAZARD
[COHBR/RJ]Roney
0
0
Comments
sign in to comment!
No comments posted yet!